 Dungeon Crawl Stone Soup version 0.29-a0-341-g24ffce5b50 (webtiles) character file.

Game seed: 16066716665012027683

704 spaghetti the Magician (level 7, -8/75 HPs)
             Began as a Demigod Air Elementalist on Apr 20, 2022.
             Killed by miscasting Airstrike (11 damage)
             ... on level 4 of the Dungeon.
             The game lasted 00:06:37 (4632 turns).

spaghetti the Magician (Demigod Air Elementalist)   Turns: 4632, Time: 00:06:38

Health: -8/75      AC: 23    Str:  9      XL:     7   Next: 16%
Magic:  1/21       EV:  2    Int: 25      God:
Gold:   210        SH:  0    Dex: 13 (14) Spells: 13/20 levels left

rFire   . . .      SeeInvis .   v - +0 short sword (venom) {short}
rCold   . . .      Faith    .   (no shield)
rNeg    . . .      Spirit   .   (body armour currently unavailable)
rPois   +          Reflect  .   (helmet currently unavailable)
rElec   .          Harm     .   (cloak currently unavailable)
rCorr   .          Rampage  .   (gloves currently unavailable)
Will    .....      NoTele   +   (boots currently unavailable)
Stlth   ++........              (no amulet)
HPRegen 0.22/turn               y - +4 ring of slaying
MPRegen 0.17/turn               (no ring)

@: tree-form, very slightly contaminated
A: stationary, stasis, torment immunity, boosted hp, high MP 1, forlorn, divine
attributes
a: no special abilities


You were on level 4 of the Dungeon.
You were a tree.
You visited 1 branch of the dungeon, and saw 4 of its levels.

You collected 210 gold pieces.


Innate Abilities, Weirdness & Mutations

You are a tree.
Your roots penetrate the ground, keeping you stationary.
You cannot be teleported.
You are immune to unholy pain and torment.
Your maximum health is greatly increased.
Your equipment is partially melded.
You have an increased reservoir of magic. (+10% MP)
You shall have no god before yourself.
Your divine heritage dramatically boosts your attributes as you level up.


   Skills:
 - Level 1.7 Dodging
 - Level 1.7 Stealth
 + Level 7.1 Spellcasting
 - Level 0.8 Conjurations
 - Level 2.6 Air Magic


You had 13 spell levels left.
You knew the following spells:

 Your Spells              Type           Power      Damage    Failure   Level
a - Shock                 Conj/Air       68%        1d7       3%          1
b - Static Discharge      Conj/Air       17%        N/A       4%          2
c - Airstrike             Air            11%        N/A       22%         4

Your spell library contained the following spells:

 Spells                   Type           Power      Damage    Failure   Level
 Swiftness                Air            22%        N/A       7%          3

Inventory:

Hand Weapons
 e - a +0 whip {mace}
   (You found it on level 1 of the Dungeon)
 f - a +0 dagger {short}
   (You found it on level 1 of the Dungeon)
 g - a +0 club {mace}
   (You took it off a goblin on level 1 of the Dungeon)
 h - a +0 short sword {short}
   (You took it off a kobold on level 1 of the Dungeon)
 m - a +0 club {mace}
   (You took it off a goblin on level 1 of the Dungeon)
 n - a +2 vorpal mace {mace}
   (You found it on level 2 of the Dungeon)
 o - a +0 trident {polearm}
   (You found it on level 2 of the Dungeon)
 s - a +1 dagger of venom {short}
   (You took it off a goblin on level 2 of the Dungeon)
 v - a +0 short sword of venom (weapon) {short}
   (You found it on level 2 of the Dungeon)
Missiles
 c - 11 poisoned darts {throwing}
 q - 155 stones {throwing}
 z - 3 boomerangs {throwing}
Armour
 a - a +0 robe (melded)
 u - a +0 cloak (melded)
   (You found it on level 3 of the Dungeon)
Jewellery
 y - a +4 ring of slaying (left branch)
   (You found it on level 3 of the Dungeon)
Scrolls
 d - 2 scrolls of teleportation {@r4}
 i - a scroll of brand weapon
 j - 2 scrolls of enchant weapon
 k - a scroll of vulnerability {!r!r}
 l - 2 scrolls of enchant armour {unknown}
 p - a scroll of summoning
 r - a scroll of silence {!r}
 t - a scroll of immolation {!r!r}
 x - a scroll of fog {unknown}
Potions
 w - a potion of curing {@q1}

Dungeon Overview and Level Annotations

Branches:
Dungeon (4/15)
 Temple: D:4-7

Annotations:
D:2 1 runed translucent door, Crazy Yiuf
D:4 Pikel

#..................
#.#########.##.##.#
#.# #.# #
#####.##.##>#
#...........#
###.###.##.####
#.....#.# ..
##..<.♣#.# ...
.......K..# ##
###.....### #.....#
###.### ##### #.
##.... #.
.#######..#.. #.
.........#..#
########...#.


You could see Pikel.


Message History

You lost 2 mp, and now have 11/21 mp.
Casting: Static Discharge (safe; 4% risk of failure)
Confirm with . or Enter, or press ? or * to list all spells.
The lemure is struck by an arc of lightning!
You are struck by an arc of lightning.
The lightning grounds out.
The lemure hits you!
* * * LOW HITPOINT WARNING * * *
The lemure hits you!
* * * LOW HITPOINT WARNING * * *
😨 HP[-18] MP[-1]
You take 18 damage, and now have 16/50 hp.
MASSIVE DAMAGE!! (PAUSE)
You lost 1 mp, and now have 10/21 mp.
Casting: Static Discharge (safe; 4% risk of failure)
Confirm with . or Enter, or press ? or * to list all spells.
The lemure is struck by an arc of lightning.
You are struck by an arc of lightning.
* * * LOW HITPOINT WARNING * * *
The lightning grounds out.
The lemure is struck by an arc of lightning!
You are struck by an arc of lightning.
* * * LOW HITPOINT WARNING * * *
The lightning grounds out.
The lemure barely misses you. The lemure hits you.
* * * LOW HITPOINT WARNING * * *
😱 HP[-6] MP[-2]
You take 6 damage, and now have 10/50 hp.
You lost 2 mp, and now have 8/21 mp.
Casting: Static Discharge (safe; 4% risk of failure)
Confirm with . or Enter, or press ? or * to list all spells.
The lemure is struck by an arc of lightning.
You kill the lemure!
That felt strangely unrewarding.
You are struck by an arc of lightning.
* * * LOW HITPOINT WARNING * * *
The lightning grounds out.
The lemure hits you.
* * * LOW HITPOINT WARNING * * *
😱 HP[-7] MP[-2]
You take 7 damage, and now have 3/50 hp.
You lost 2 mp, and now have 6/21 mp.
Casting: Static Discharge (safe; 4% risk of failure)
Confirm with . or Enter, or press ? or * to list all spells.
The lemure is struck by an arc of lightning!
You kill the lemure!
That felt strangely unrewarding.
You are struck by an arc of lightning.
* * * LOW HITPOINT WARNING * * *
The lightning grounds out.
Pikel, Merchant of Souls comes into view.
He is wielding a +0 whip of flaming. 😱 HP[-2] MP[-2]
You take 2 damage, and now have 1/50 hp.
You lost 2 mp, and now have 4/21 mp.
You aren't carrying any items that you can evoke.
It was a potion of lignification.
You turn into a tree.
Your +0 cloak melds into your body.
Your +0 robe melds into your body.
Your roots penetrate the ground. 😱 HP[+1]
You now have 75 max hp (+25).
Casting: Static Discharge (safe; 4% risk of failure)
Confirm with . or Enter, or press ? or * to list all spells.
Aiming: Airstrike (dangerous; 22% risk of failure)
Press: ? - help, Dir - move target, f - Pikel
Aim: Pikel, wielding a +0 whip of flaming and wearing a +0 robe (empty space bonus: 2/8)
The air twists around and strikes Pikel! 😱 MP[-4]
You lost 4 mp, and now have 0/21 mp.
Magic courses through your body. 😱 HP[+1] MP[+17]
You regained 17 mp, and now have 17/21 mp.
Casting: Airstrike (dangerous; 22% risk of failure)
Confirm with . or Enter, or press ? or * to list all spells.
Aiming: Airstrike (dangerous; 22% risk of failure)
Press: ? - help, Dir - move target, f/p - Pikel
Aim: Pikel, wielding a +0 whip of flaming and wearing a +0 robe (moderately wounded, empty space bonus: 4/8)
The air twists around and strikes Pikel! 😱 MP[-4]
You lost 4 mp, and now have 13/21 mp.
Casting: Airstrike (dangerous; 22% risk of failure)
Confirm with . or Enter, or press ? or * to list all spells.
Aiming: Airstrike (dangerous; 22% risk of failure)
Press: ? - help, Dir - move target, f/p - Pikel
Aim: Pikel, wielding a +0 whip of flaming and wearing a +0 robe (heavily wounded, empty space bonus: 6/8)
You miscast Airstrike.
You are very lightly contaminated with residual magic.
Nothing appears to happen. 😱 MP[-4]
You lost 4 mp, and now have 9/21 mp.
Casting: Airstrike (dangerous; 22% risk of failure)
Confirm with . or Enter, or press ? or * to list all spells.
Aiming: Airstrike (dangerous; 22% risk of failure)
Press: ? - help, Dir - move target, f/p - Pikel
Aim: Pikel, wielding a +0 whip of flaming and wearing a +0 robe (heavily wounded, empty space bonus: 6/8)
The air twists around and strikes Pikel! 😱 MP[-4]
You lost 4 mp, and now have 5/21 mp.
Casting: Airstrike (dangerous; 22% risk of failure)
Confirm with . or Enter, or press ? or * to list all spells.
Aiming: Airstrike (dangerous; 22% risk of failure)
Press: ? - help, Dir - move target, f/p - Pikel
Aim: Pikel, wielding a +0 whip of flaming and wearing a +0 robe (severely wounded, empty space bonus: 5/8)
You miscast Airstrike.
You are caught in an explosion of electrical discharges!
You die...

Skill      XL: |  1  2  3  4  5  6  7 |
---------------+----------------------+-----
Spellcasting   | 2 3 5 6 7 |  7.1
Dodging        | |  1.7
Stealth        | |  1.7
Conjurations   | |  0.8
Air Magic      | |  2.6

Action                   |  1- 3 |  4- 6 |  7- 9 || total
-------------------------+-------+-------+-------++-------
Melee: Mace              |     8 |       |       ||     8
       Short sword       |       |    47 |     5 ||    52
       Punch             |       |     1 |       ||     1
 Cast: Shock             |    91 |    77 |    17 ||   185
       Static Discharge  |       |       |    11 ||    11
       Airstrike         |       |       |     8 ||     8
  Use: Potion            |     1 |     4 |     2 ||     7
       Scroll            |       |     7 |       ||     7
Armor: Robe              |     2 |    10 |     1 ||    13
Dodge: Dodged            |    22 |    43 |    17 ||    82

Levels and vault maps discovered:
D:1:      lightli_arrival_flooded_house, layout_basic,
          hangedman_decor_diamond_cutter, kennysheep_decorative_pillar,
          serial_bayou_pond_e
D:2:      kennysheep_the_goblin_king, layout_rooms,
          hellmonk_ecumenical_altar_prayer_group, minmay_tetromino_s4,
          uniq_crazy_yiuf_cottage, uniq_natasha, uniq_sigmund
D:3:      layout_rooms, nicolae_gozag_conspicuous_consumption
D:4:      layout_loops_ring, nicolae_hepliaklqana_monster_ancestors,
          serial_shops, shop_fountains, minmay_strange_pillars,
          corexii_item_surrounded_by_moat, minmay_misc_feat_diagonals,
          uniq_ijyb, uniq_robin, uniq_pikel

Notes
Turn   | Place    | Note
-------+----------+-------------------------------------------
     0 | D:1      | spaghetti the Demigod Air Elementalist began the quest for
                  | the Orb.
     0 | D:1      | Reached XP level 1. HP: 14/14 MP: 5/5
     0 | D:1      | magus.rc [v1.9.6]
   143 | D:1      | Reached skill level 2 in Spellcasting
   500 | D:1      | Reached XP level 2. HP: 20/20 MP: 4/8
  1339 | D:2      | Reached skill level 3 in Spellcasting
  1398 | D:2      | Reached XP level 3. HP: 26/26 MP: 2/10
  1572 | D:2      | Noticed Natasha
  1580 | D:2      | Killed Natasha
  2044 | D:2      | Noticed Sigmund
  2062 | D:2      | Killed Sigmund
  2063 | D:2      | Reached skill level 5 in Spellcasting
  2063 | D:2      | Reached XP level 4. HP: 33/33 MP: 0/14
  2063 | D:2      | Reached XP level 5. HP: 38/38 MP: 0/15
  2399 | D:2      | Found a runed translucent door.
  2400 | D:2      | Noticed Crazy Yiuf
  2409 | D:2      | Noticed Natasha
  2417 | D:2      | Killed Natasha
  2426 | D:2      | Noticed Natasha
  2432 | D:2      | Killed Natasha
  2729 | D:3      | Reached XP level 6. HP: 38/45 MP: 12/17
  2931 | D:3      | HP: 11/45 [howler monkey (2)]
  2936 | D:3      | HP: 10/45 [howler monkey (3)]
  2961 | D:3      | Reached skill level 6 in Spellcasting
  3486 | D:4      | Noticed Robin
  3495 | D:4      | Killed Robin
  4126 | D:4      | Reached XP level 7. HP: 45/50 MP: 18/20
  4157 | D:4      | Learned a level 2 spell: Static Discharge
  4178 | D:4      | Learned a level 4 spell: Airstrike
  4341 | D:4      | Reached skill level 7 in Spellcasting
  4623 | D:4      | HP: 10/50 [lemure[Pikel] (3)]
  4624 | D:4      | HP: 3/50 [lemure[Pikel] (6)]
  4625 | D:4      | HP: 1/50 [/static electricity (2)]
  4625 | D:4      | Noticed Pikel
  4632 | D:4      | Killed by miscasting Airstrike

Vanquished Creatures
  Sigmund (D:2)
  3 lemures (D:4)
  2 scorpions (D:4)
  A howler monkey (D:3)
  2 hounds (D:4)
  3 iguanas (D:4)
  Natasha (thrice) (D:2)
  Robin (D:4)
  3 gnolls (D:3)
  7 adders
  A worm (D:4)
  5 orcs (D:4)
  5 endoplasms
  2 giant cockroaches
  15 goblins
  3 hobgoblins
  4 jackals (D:2)
  4 kobolds
  5 quokkas
  5 ball pythons
  3 bats
  2 frilled lizards (D:2)
  6 rats
86 creatures vanquished.

Table legend:
 A = Non-vault XP
 B = Vault XP
 C = Vault XP percentage of total XP
 D = Non-vault monster count
 E = Vault monster count
 F = Vault count percentage of total count
                 A         B        C        D         E       F
            +---------+---------+-------+---------+---------+-------
      Total |     706 |     300 |  29.8 |      65 |      18 |  21.7
            +---------+---------+-------+---------+---------+-------
        D:1 |      19 |       0 |   0.0 |      12 |       0 |   0.0
        D:2 |     132 |     277 |  67.7 |      19 |      13 |  40.6
        D:3 |     154 |       0 |   0.0 |      17 |       0 |   0.0
        D:4 |     401 |      23 |   5.4 |      17 |       5 |  22.7
            +---------+---------+-------+---------+---------+-------

Illustrated notes

Table legend:
 A = Kills in this place as a percentage of kills in entire the game.
 B = Kills by you in this place as a percentage of kills by you in the entire game.
 C = Kills by friends in this place as a percentage of kills by friends in the entire game.
 D = Other kills in this place as a percentage of other kills in the entire game.
 E = Experience gained in this place as a percentage of experience gained in the entire game.
 F = Experience gained in this place divided by the number of levels of this place that you have seen.
                   A       B       C       D       E      F
               +-------+-------+-------+-------+-------+----------------------
         Total | 100.0 | 100.0 |   N/A |   N/A | 100.0 | 251.5
       Dungeon | 100.0 | 100.0 |   N/A |   N/A | 100.0 | 251.5
               +-------+-------+-------+-------+-------+----------------------

Table legend: (Time is in decaauts)
 A = Elapsed time spent in this place.
 B = Non-inter-level travel time spent in this place.
 C = Inter-level travel time spent in this place.
 D = Time resting spent in this place.
 E = Time spent auto-exploring this place.
 F = Levels seen in this place.
 G = Mean time per level.
                   A        B        C        D        E       F      G
               +--------+--------+--------+--------+--------+-----+--------+
         Total |   4631 |   4529 |    102 |    243 |   3784 |   4 | 1157.8 |
       Dungeon |   4631 |   4529 |    102 |    243 |   3784 |   4 | 1157.8 |
               +--------+--------+--------+--------+--------+-----+--------+

Top non-repeatable levels by time:
     D:2: 1389 daAuts
     D:1: 1238 daAuts
     D:4: 1148 daAuts
     D:3: 855 daAuts
